 Dungeon Crawl Stone Soup version 0.17.0-18-gaab0e96 (webtiles) character file.

30450 st0uf the Fighter (level 13, 0/100 HPs)
             Began as a Demonspawn Gladiator on Nov 11, 2015.
             Was the Champion of Ru.
             Slain by an orc warrior
             ... wielding a +0 dire flail
              (16 damage)
             ... on level 4 of the Orcish Mines.
             The game lasted 02:08:24 (16396 turns).

st0uf the Fighter (Demonspawn Gladiator)           Turns: 16396, Time: 02:08:24

Health: 0/100      AC: 19    Str: 20    XL:     13   Next: 20%
Magic:  11/11      EV: 16    Int: 10    God:    Ru [******]
Gold:   641        SH:  8    Dex: 14    Spells: 0 memorised, 12 levels left

rFire  + . .     SeeInvis .     g - +4 mace (crush)
rCold  + . .     Clarity  .     N - +1 ring mail {rC+}
rNeg   . . .     SustAt   .     Z - +2 buckler
rPois  +         Gourm    .     T - +2 helmet
rElec  .         Spirit   .     L - +2 cloak {+Inv}
rCorr  .         Warding  .     y - +0 pair of gloves "Ahogo" {rF+ Regen+}
rMut   +         Stasis   .     n - +0 pair of boots
MR     .....                    X - amulet of resist mutation
Stlth  ..........               t - +4 ring of slaying
                                R - ring of poison resistance

@: studying Armour, not resistant to hostile enchantments, extremely unstealthy
A: hooves 2, icy blue scales 1, demonic guardian 1, frail 1, low mp 1, screaming
1, spiny 3, no stealth, hated by all, no charms magic, no earth magic, no
transmutations magic, disrupted magic 1, inexperienced 1, missing an eye
a: Draw Out Power, Power Leap, Apocalypse, Renounce Religion, Evoke Invisibility


You were on level 4 of the Orcish Mines.
You worshipped Ru.
Ru was exalted by your worship.
You were not hungry.

You visited 3 branches of the dungeon, and saw 22 of its levels.

You collected 2076 gold pieces.
You spent 1435 gold pieces at shops.

Inventory:

Hand Weapons
 g - a +4 mace of crushing (weapon)
 Q - the +1 dire flail "Q" {flame, rF+ MP+9 Dex+4}
   (You found it on level 6 of the Lair of Beasts)

   It has been specially enchanted to burn those struck by it, causing extra
   injury to most foes and up to half again as much damage against particularly
   susceptible opponents.
   It affects your dexterity (+4).
   It protects you from fire.
   It affects your magic capacity (+9).
Missiles
 d - 5 throwing nets (quivered)
Armour
 n - a +0 pair of boots (worn)
 y - the +0 pair of gloves "Ahogo" (worn) {rF+ Regen+}
   (You found it on level 4 of the Dungeon)

   It protects you from fire.
   It increases your rate of regeneration.
 L - a +2 cloak of invisibility (worn)
 N - a +1 ring mail of cold resistance (worn)
 T - a +2 helmet (worn)
 Z - a +2 buckler (worn)
Jewellery
 t - a +4 ring of slaying (right hand)
 R - a ring of poison resistance (left hand)
 S - an uncursed ring of protection from fire
 X - an amulet of resist mutation (around neck)
Wands
 M - a wand of digging (7)
 V - a wand of teleportation (7)
Scrolls
 b - 3 scrolls of blinking
 h - a scroll of recharging
 i - 3 scrolls of immolation
 j - 5 scrolls of identify
 k - 7 scrolls of teleportation
 m - a scroll of brand weapon
 x - a scroll of fog
 F - 4 scrolls of enchant armour
 K - 4 scrolls of magic mapping
 P - 5 scrolls of remove curse
 Y - 4 scrolls of fear
Potions
 a - 4 potions of haste
 f - 6 potions of curing
 o - 2 potions of brilliance
 p - 2 potions of ambrosia
 q - a potion of agility
 B - 2 potions of cancellation
 C - a potion of resistance
 I - a potion of cure mutation
 U - 2 potions of magic
Books
 l - a manual of Armour
Comestibles
 c - 4 chunks of flesh
 e - 7 bread rations
 u - 9 meat rations
 H - 10 slices of pizza
 J - 32 fruits
 W - 6 beef jerkies


   Skills:
 + Level 13.7 Fighting
 + Level 12.7 Maces & Flails
 - Level 1.7 Throwing
 + Level 10.6 Armour
 + Level 9.5 Dodging
 - Level 7.4 Shields


You had 12 spell levels left.
You didn't know any spells.

Dungeon Overview and Level Annotations

Branches:
Dungeon (10/15)            Temple (0/1) D:4            Lair (8/8) D:9
 Shoals (0/4) Lair:5       Spider (0/4) Lair:4        Slime (0/6) Lair:7
    Orc (4/4) D:10
    Elf: Orc:3-4

Altars:
Cheibriados
Dithmenos
Elyvilon
Fedhas
Gozag
Makhleb
Qazlal
Ru
Sif Muna
Xom
Yredelemnul
Jiyva

Shops:
D:6 *   D:7 %   Orc:2 *

Annotations:
D:5 exclusion: oklob plant


Innate Abilities, Weirdness & Mutations

You have hoof-like feet.
You are partially covered in icy blue scales (AC +1).
A weak demonic guardian rushes to your aid.
You are frail (-10% HP).
Your magical capacity is low (-10% MP).
You occasionally shout uncontrollably at your foes.
You are completely covered in sharp spines.
You cannot be stealthy.
You are hated by all.
You cannot study or cast Charms magic.
You cannot study or cast Earth magic.
You cannot study or cast Transmutations magic.
Your casting is slightly disrupted.
You are somewhat inexperienced (-2 XL).
You are missing an eye, making it more difficult to aim.


Message History

You miss the warg. You block the warg's attack.
You barely miss the warg. You block the warg's attack.
You closely miss the warg. You block the warg's attack.
You sock the warg!
The warg is moderately wounded.
The warg is struck by your spines. The warg barely misses you.
You sock the warg!
You kill the warg!
You hit the orc warrior.
The orc warrior is lightly wounded.
The orc warrior closely misses you.
You hit the orc warrior.
The orc warrior is moderately wounded.
You hit the orc warrior.
The orc warrior is heavily wounded.
You block the orc warrior's attack.
You closely miss the orc warrior.
The orc warrior is heavily wounded.
The orc warrior hits you with a dire flail!
You die...

###.......##.##
#.....#......#
##.#.###.##.##
####.#...# # ##
#......## ##.#
##......#
#...#####.....##
#....##(...#.##
#..@oC(......#
#.##.##.#..#.##
#. ###)#).#### ..
#.o.....#
........))#h....#
..
...........#.## .
...............
................
..######..###.###


You could see a cyclops and an orc warrior.

Vanquished Creatures
  Kirke (Lair:8)
  An orc warlord (Orc:3)
  Maud (Orc:2)
  6 hydras
  7 death yaks
  An orc high priest (Orc:3)
  Urug (Orc:3)
  A hill giant (D:10)
  4 orc knights
  2 orc sorcerers (Orc:3)
  A wizard (D:10)
  A griffon (Lair:7)
  4 elephants
  Joseph (D:7)
  A siren (Lair:5)
  A gargoyle (D:10)
  5 black mambas
  13 spiny frogs
  8 komodo dragons
  2 fire drakes
  3 merfolk (Lair:5)
  A polar bear (Lair:8)
  2 giant leeches (Lair:8)
  A two-headed ogre (D:8)
  A jumping spider (Lair:4)
  Grinder (D:4)
  15 blink frogs
  A wraith (D:10)
  2 wyverns
  3 basilisks
  3 hogs (Lair:8)
  45 yaks
  8 deep elf fighters
  7 hippogriffs
  A mottled dragon (D:10)
  2 hungry ghosts
  Menkaure (D:5)
  3 vampire mosquitoes (Lair:8)
  10 wolves
  6 wargs
  7 porcupines
  5 ogres
  15 orc warriors
  14 water moccasins
  An eye of draining (Lair:7)
  3 ice beasts
  3 black bears
  A necrophage (D:6)
  A phantom (D:5)
  A sky beast (D:5)
  11 crocodiles
  3 centaurs
  2 big kobolds
  25 giant frogs
  Blork the orc (D:4)
  A water moccasin skeleton (D:8)
  A wyvern skeleton (D:6)
  3 killer bees (D:10)
  3 scorpions
  9 wights
  5 electric eels
  5 crimson imps
  A centaur zombie (D:7)
  A centaur skeleton (D:6)
  A giant frog zombie (D:10)
  4 hounds
  2 jellies (D:8)
  18 orc wizards
  12 orc priests
  2 worker ants
  10 iguanas
  23 sheep
  A killer bee zombie (D:10)
  3 hound zombies
  A hound skeleton (D:9)
  2 worker ant zombies
  Robin (D:4)
  7 gnolls
  15 adders
  107 river rats
  2 shadow imps
  An ooze (D:5)
  An adder zombie (D:8)
  7 adder skeletons
  6 worms
  8 giant geckos
  124 orcs
  A ball python (D:3)
  4 giant cockroaches
  21 goblins
  18 hobgoblins
  4 jackals
  5 quokkas
  8 bats
  4 giant newts
  A jackal skeleton (D:4)
  13 kobolds
  A quokka skeleton (D:7)
  5 rats
  A fungus (Lair:8)
  10 plants (Lair:8)
754 creatures vanquished.

Vanquished Creatures (others)
  A fire drake (Lair:2)
  A yak (Lair:8)
  2 orc wizards
  6 sheep
  A river rat (Lair:6)
  3 orcs
  10 fungi
  8 plants
32 creatures vanquished.

Grand Total: 786 creatures vanquished

Notes
Turn   | Place    | Note
--------------------------------------------------------------
     0 | D:1      | st0uf the Demonspawn Gladiator began the quest for the Orb.
     0 | D:1      | Reached XP level 1. HP: 16/16 MP: 1/1
   169 | D:1      | Reached skill level 3 in Maces & Flails
   169 | D:1      | Gained mutation: You have large cloven feet. [demonic ancestry]
   169 | D:1      | Reached XP level 2. HP: 17/22 MP: 2/2
   714 | D:2      | Reached skill level 1 in Armour
   714 | D:2      | Reached XP level 3. HP: 8/28 MP: 3/3
  1190 | D:2      | Gained mutation: You are partially covered in sharp spines. [demonic ancestry]
  1190 | D:2      | Reached XP level 4. HP: 27/34 MP: 4/4
  1271 | D:2      | Found a white marble altar of Elyvilon.
  1716 | D:3      | Gained mutation: You are mostly covered in sharp spines. [demonic ancestry]
  1716 | D:3      | Reached XP level 5. HP: 41/41 MP: 5/5
  1837 | D:3      | Reached skill level 4 in Maces & Flails
  1948 | D:3      | Found a sacrificial altar of Ru.
  1960 | D:3      | Became a worshipper of Ru the Awakened
  2218 | D:4      | Got a pair of spiked gloves
  2224 | D:4      | Identified the cursed +0 pair of gloves "Ahogo" {rF+ Regen+} (You found it on level 4 of the Dungeon)
  2287 | D:4      | Noticed Grinder
  2289 | D:4      | Paralysed by Grinder for 7 turns
  2299 | D:4      | Killed Grinder
  2299 | D:4      | Gained mutation: You are partially covered in icy blue scales (AC +1). [demonic ancestry]
  2299 | D:4      | Reached XP level 6. HP: 15/49 MP: 6/6
  2340 | D:4      | Noticed Blork the orc
  2347 | D:4      | Killed Blork the orc
  2350 | D:4      | Noticed Robin
  2354 | D:4      | Reached XP level 7. HP: 39/55 MP: 7/7
  2362 | D:4      | Reached skill level 5 in Maces & Flails
  2381 | D:4      | Killed Robin
  2445 | D:4      | Found a staircase to the Ecumenical Temple.
  2727 | D:4      | Found a deep blue altar of Sif Muna.
  2998 | D:5      | Entered Level 5 of the Dungeon
  3022 | D:5      | Found a shadowy altar of Dithmenos.
  3039 | D:5      | Gained mutation: You cannot study or cast Earth magic. [Ru sacrifice]
  3039 | D:5      | Gained mutation: You cannot study or cast Transmutations magic. [Ru sacrifice]
  3039 | D:5      | Gained mutation: You cannot study or cast Charms magic. [Ru sacrifice]
  3039 | D:5      | Reached * piety under Ru
  3131 | D:5      | Reached skill level 5 in Fighting
  3248 | D:5      | Noticed Menkaure
  3253 | D:5      | Killed Menkaure
  3447 | D:5      | Found a blossoming altar of Fedhas.
  3468 | D:5      | Noticed an oklob plant
  3549 | D:5      | Reached XP level 8. HP: 56/63 MP: 8/8
  3581 | D:5      | Found a snail-covered altar of Cheibriados.
  3828 | D:5      | Reached skill level 6 in Maces & Flails
  3979 | D:6      | Reached skill level 5 in Armour
  4205 | D:6      | Reached skill level 7 in Maces & Flails
  4261 | D:6      | Reached XP level 9. HP: 71/71 MP: 9/9
  4364 | D:6      | Found Rometas's General Store.
  4738 | D:7      | Found a shimmering altar of Xom.
  4742 | D:7      | Found an opulent altar of Gozag.
  4779 | D:7      | Noticed Joseph
  4800 | D:7      | Killed Joseph
  4800 | D:7      | Reached skill level 8 in Fighting
  5074 | D:7      | Found Toetawnok's Food Shop.
  5448 | D:8      | Reached XP level 10. HP: 82/82 MP: 10/10
  5571 | D:8      | Found a stormy altar of Qazlal.
  5839 | D:9      | Noticed an elephant
  5840 | D:9      | Found a staircase to the Lair.
  5864 | D:8      | Killed an elephant
  5864 | D:8      | Reached skill level 9 in Fighting
  6713 | Lair:1   | Entered Level 1 of the Lair of Beasts
  6719 | Lair:1   | Gained mutation: Your magical capacity is low (-10% MP). [Ru sacrifice]
  6853 | Lair:1   | Reached skill level 10 in Fighting
  6884 | Lair:1   | Gained mutation: A weak demonic guardian rushes to your aid. [demonic ancestry]
  6884 | Lair:1   | Reached XP level 11. HP: 67/90 MP: 9/9
  7130 | Lair:1   | Found a shimmering altar of Xom.
  7345 | Lair:2   | Noticed an eight-headed hydra
  7351 | Lair:2   | Killed an eight-headed hydra
  7351 | Lair:2   | Reached skill level 1 in Shields
  7437 | Lair:2   | Noticed a seven-headed hydra
  7445 | Lair:2   | Killed a seven-headed hydra
  7676 | Lair:2   | Reached skill level 10 in Maces & Flails
  8184 | Lair:3   | Gained mutation: You cannot be stealthy. [Ru sacrifice]
  8184 | Lair:3   | Reached ** piety under Ru
  8861 | Lair:4   | Reached skill level 11 in Fighting
  9075 | Lair:4   | Noticed an eight-headed hydra
  9082 | Lair:4   | Killed an eight-headed hydra
  9099 | Lair:4   | Gained mutation: You are hated by all. [Ru sacrifice]
  9099 | Lair:4   | Reached *** piety under Ru
  9137 | Lair:4   | Noticed a death yak
  9140 | Lair:4   | Noticed a death yak
  9145 | Lair:4   | Noticed a death yak
  9191 | Lair:3   | Killed a death yak
  9191 | Lair:3   | Reached skill level 5 in Dodging
  9191 | Lair:3   | Gained mutation: You have hoof-like feet. [demonic ancestry]
  9191 | Lair:3   | Reached XP level 12. HP: 70/100 MP: 10/10
  9282 | Lair:3   | Killed a death yak
  9334 | Lair:4   | Killed a death yak
  9385 | Lair:4   | Noticed a death yak
  9386 | Lair:4   | Noticed a death yak
  9399 | Lair:4   | Killed a death yak
  9409 | Lair:4   | Killed a death yak
  9553 | Lair:4   | Reached skill level 5 in Shields
  9654 | Lair:4   | Noticed a five-headed hydra
  9665 | Lair:4   | Killed a five-headed hydra
  9802 | Lair:4   | Found a hole to the Spider Nest.
  9971 | Lair:4   | Noticed a death yak
  9993 | Lair:4   | Killed a death yak
 10042 | Lair:4   | Noticed a death yak
 10054 | Lair:4   | Killed a death yak
 10429 | Lair:5   | Reached skill level 12 in Fighting
 10473 | Lair:5   | Found a staircase to the Shoals.
 10817 | Lair:5   | Gained mutation: Your casting is slightly disrupted. [Ru sacrifice]
 10832 | Lair:5   | Found a basalt altar of Yredelemnul.
 11072 | Lair:6   | Noticed a five-headed hydra
 11084 | Lair:6   | Killed a five-headed hydra
 11220 | Lair:6   | Got a scorched dire flail
 11221 | Lair:6   | Identified the +1 dire flail "Q" {flame, rF+ MP+9 Dex+4} (You found it on level 6 of the Lair of Beasts)
 11825 | Lair:7   | Gained mutation: You are completely covered in sharp spines. [demonic ancestry]
 11825 | Lair:7   | Reached XP level 13. HP: 83/108 MP: 11/11
 11981 | Lair:7   | Found a staircase to the Slime Pits.
 11983 | Lair:7   | Found a viscous altar of Jiyva.
 12005 | Lair:7   | Gained mutation: You are missing an eye, making it more difficult to aim. [Ru sacrifice]
 12005 | Lair:7   | Reached **** piety under Ru
 12380 | Lair:8   | Entered Level 8 of the Lair of Beasts
 13127 | Lair:8   | Gained mutation: You are somewhat inexperienced (-2 XL). [Ru sacrifice]
 13127 | Lair:8   | Reached XP level 12. HP: 103/103 MP: 10/10
 13127 | Lair:8   | Reached XP level 11. HP: 97/97 MP: 9/9
 13127 | Lair:8   | Reached ***** piety under Ru
 13277 | Lair:8   | Reached skill level 13 in Fighting
 13392 | Lair:8   | Noticed Kirke
 13605 | Lair:8   | Killed Kirke
 13605 | Lair:8   | Reached XP level 12. HP: 67/105 MP: 10/10
 13851 | Lair:6   | Noticed a seven-headed hydra
 13871 | Lair:6   | Killed a seven-headed hydra
 14068 | D:10     | Entered Level 10 of the Dungeon
 14231 | D:10     | Found a staircase to the Orcish Mines.
 14764 | Orc:1    | Entered Level 1 of the Orcish Mines
 14792 | Orc:1    | Gained mutation: You occasionally shout uncontrollably at your foes. [Ru sacrifice]
 14893 | Orc:1    | Found a burning altar of Makhleb.
 15333 | Orc:2    | Found Aaevvusaala's Alliterative Accessories.
 15341 | Orc:2    | Bought a manual of Armour for 1435 gold pieces
 15467 | Orc:2    | Noticed Maud
 15487 | Orc:2    | Killed Maud
 15641 | Orc:3    | Noticed Urug
 15654 | Orc:3    | Killed Urug
 15726 | Orc:3    | Reached skill level 10 in Armour
 15855 | Orc:3    | Gained mutation: You are frail (-10% HP). [Ru sacrifice]
 15855 | Orc:3    | Reached ****** piety under Ru
 15917 | Orc:3    | Noticed an orc warlord
 15939 | Orc:3    | Killed an orc warlord
 15959 | Orc:3    | Reached XP level 13. HP: 55/99 MP: 11/11
 16203 | Orc:4    | Entered Level 4 of the Orcish Mines
 16396 | Orc:4    | Slain by an orc warrior

Action                   |  1- 3 |  4- 6 |  7- 9 | 10-12 | 13-15 || total
-------------------------+-------+-------+-------+-------+-------++-------
Melee: Mace              |    93 |    66 |   277 |  1174 |   409 ||  2019
Invok: Sacrifice Arcana  |       |       |     1 |       |       ||     1
       Reject Sacrifices |       |       |     1 |       |       ||     1
       Sacrifice Essence |       |       |       |     2 |       ||     2
       Sacrifice Stealth |       |       |       |     1 |       ||     1
       Sacrifice Love    |       |       |       |     1 |       ||     1
       Sacrifice Experie |       |       |       |     1 |       ||     1
       Apocalypse        |       |       |       |     1 |       ||     1
       Sacrifice Purity  |       |       |       |     1 |       ||     1
       Sacrifice Health  |       |       |       |     1 |       ||     1
       Draw Out Power    |       |       |       |       |     1 ||     1
       Sacrifice an Eye  |       |       |       |       |     1 ||     1
Evoke: Wand              |       |       |       |     1 |       ||     1
  Use: Scroll            |       |       |    18 |    19 |     1 ||    38
       Potion            |       |       |       |     5 |     2 ||     7
 Stab: Sleeping          |       |     1 |       |     1 |       ||     2
       Distracted        |       |       |       |    11 |       ||    11
       Paralysed         |       |       |       |     3 |     5 ||     8
       Invisible         |       |       |       |     2 |     1 ||     3
       Confused          |       |       |       |     1 |       ||     1
  Eat: Chunk             |     1 |     4 |    12 |    32 |     6 ||    55
       Royal jelly       |       |       |       |     1 |       ||     1
